 Dungeon Crawl Stone Soup version 0.28-a0-1555-g9ae15a6949 (webtiles) character file.

Game seed: 215727219708006775

547 HallandMoats the Skirmisher (level 7, -4/54 HPs)
             Began as a Ghoul Monk on Jan 18, 2022.
             Was an Elder of Hepliaklqana.
             Slain by an ogre (23 damage)
             ... on level 5 of the Dungeon.
             The game lasted 00:05:47 (4962 turns).

HallandMoats the Skirmisher (Ghoul Monk)            Turns: 4962, Time: 00:05:47

Health: -4/54      AC: 11    Str: 17    XL:     7   Next: 28%
Magic:  6/6        EV:  6    Int:  5    God:    Hepliaklqana [****..]
Gold:   97         SH:  0    Dex: 11    Spells: 6/6 levels left

rFire   . . .      SeeInvis .   b - +2 whip (elec)
rCold   + . .      Faith    .   (no shield)
rNeg    + + +      Spirit   .   i - +0 plate armour
rPois   ∞          Reflect  .   (no helmet)
rElec   .          Harm     .   (no cloak)
rCorr   .          Rampage  .   (no gloves)
Will    .....                   (no boots)
Stlth   ..........              (no amulet)
HPRegen 0.00/turn               (no ring)
MPRegen 0.10/turn               (no ring)

@: inhibited regen
A: reduced essence, claws 1, cold resistance 1, negative energy resistance 3,
inhibited regeneration, torment resistance 2
a: Renounce Religion, Recall Ancestor, Ancestor Identity, Transference, Idealise


You were on level 5 of the Dungeon.
You worshipped Hepliaklqana.
Hepliaklqana was greatly pleased with you.
You visited 1 branch of the dungeon, and saw 5 of its levels.

You collected 97 gold pieces.

Inventory:

Hand Weapons
 b - a +2 whip of electrocution (weapon)
Missiles
 s - a throwing net (quivered)
Armour
 i - a +0 plate armour (worn)
 l - a +0 kite shield
Scrolls
 c - a scroll of enchant weapon {unknown}
 d - a scroll of fear {unknown}
 h - 4 scrolls of identify {unknown}
 k - a scroll of fog {unknown}
 m - 2 scrolls of amnesia {unknown}
 o - a scroll of vulnerability {unknown}
 t - a scroll of enchant armour {unknown}
 u - a scroll of torment {unknown}
Potions
 a - a potion of resistance {unknown}
 e - a potion of attraction {unknown}
 f - a potion of curing {unknown}
 g - a potion of might {unknown}
 j - 2 potions of degeneration {unknown}
 n - a potion of brilliance {unknown}
 p - a potion of lignification {unknown}
 q - a potion of haste {unknown}
 r - a potion of berserk rage {unknown}


   Skills:
 + Level 4.7 Fighting
 * Level 3.7 Axes
 + Level 2.5 Armour
 + Level 3.8 Dodging
 - Level 2.1 Stealth
 + Level 2.2 Shields
 - Level 3.2 Unarmed Combat


You had 6 spell levels left.
You didn't know any spells.
Your spell library contained the following spells:

 Spells                   Type           Power      Damage    Failure   Level
 Petrify                  Tmut/Erth      0%         N/A       100%        4
 Irradiate                Conj/Tmut      0%         3d13      100%        5
 Sublimation of Blood     Necr           Unusable   N/A       N/A         2

Dungeon Overview and Level Annotations

Branches:
Dungeon (5/15)
 Temple: D:4-7

Altars:
Ashenzari
Cheibriados
Fedhas
Hepliaklqana
Zin


Innate Abilities, Weirdness & Mutations

Your life essence is reduced to manifest your ancestor. (-10% HP)
You thrive by killing the living.
You are immune to poison.
You have sharp fingernails.
Your flesh is cold resistant. (rC+)
You are immune to negative energy. (rN+++)
You do not regenerate when monsters are visible.
You are immune to unholy pain and torment.


Message History

No target in view!
No target in view!
No target in view!
No target in view!
No target in view!
No target in view!
No target in view!
No target in view!
No target in view!
Found a stone staircase leading down.
There is a stone staircase leading down here.
Found a stone staircase leading up.
An ogre comes into view. It is wielding a +0 giant spiked club.
The ogre shouts!
The ogre moves out of view.
You hit the ogre.
The ogre is lightly wounded.
The ogre hits you with a +0 giant spiked club!!
You barely miss the ogre.
The ogre is lightly wounded.
Amenemopet casts a spell at the ogre.
The ogre resists with some effort.
The ogre hits you with a +0 giant spiked club!
You are too injured to fight recklessly!
You are too injured to fight recklessly!
You are too injured to fight recklessly!
You are too injured to fight recklessly!
You are too injured to fight recklessly!
The ogre hits Amenemopet with a +0 giant spiked club!
Amenemopet hits the ogre with a +0 dagger of draining!
Amenemopet drains the ogre.
The ogre barely misses Amenemopet.
Amenemopet hits the ogre with a +0 dagger of draining!
Amenemopet drains the ogre.
You swap places.
The ogre barely misses you.
You barely miss the ogre.
The ogre is almost dead.
The ogre hits you with a +0 giant spiked club!!
You die...

##.#
............#
#..
..#.##.....#
#..
#....#...#
#.##.###.# <.
#.###.## #.#
#......# #
##.#..##
#.##.###....#
......O@...##
#..#####R###
#.....#
###.### #.#
###


You could see the friendly Amenemopet the hexer and an ogre (drained, ally
target).

Vanquished Creatures
  A water moccasin skeleton (D:4)
  2 wights (D:5)
  2 hounds
  A gnoll shaman (D:3)
  2 iguanas
  A hound zombie (D:5)
  A hound skeleton (D:4)
  4 gnolls
  2 adders
  An ufetubus (D:4)
  A worm (D:5)
  3 dart slugs
  7 orcs
  3 ball pythons
  4 bats
  2 endoplasms
  3 giant cockroaches
  5 goblins
  A hobgoblin (D:2)
  3 jackals (D:1)
  3 kobolds
  5 quokkas
  4 frilled lizards
  5 rats
66 creatures vanquished.

Vanquished Creatures (collateral kills)
  A wight (D:5)
  An iron imp (D:3)
  An iguana (D:4)
  A gnoll (D:3)
  An adder zombie (D:5)
  A dart slug (D:2)
  An orc (D:4)
  A bat (D:1)
  A goblin (D:3)
  2 kobolds (D:2)
  A rat (D:3)
12 creatures vanquished.

Vanquished Creatures (others)
  2 hexers (D:4)
2 creatures vanquished.

Grand Total: 80 creatures vanquished

Notes
Turn   | Place    | Note
-------+----------+-------------------------------------------
     0 | D:1      | HallandMoats the Ghoul Monk began the quest for the Orb.
     0 | D:1      | Reached XP level 1. HP: 19/19 MP: 0/0
   190 | D:1      | Found a faded altar of an unknown god.
   256 | D:1      | Prayed at the altar of an unknown god.
   256 | D:1      | Became a worshipper of Hepliaklqana the Forgotten
   256 | D:1      | Reached * piety under Hepliaklqana
   256 | D:1      | Reached ** piety under Hepliaklqana
   257 | D:1      | Remembered your ancestor Amenemopet as a hexer
   396 | D:1      | Reached *** piety under Hepliaklqana
   434 | D:1      | Reached XP level 2. HP: 23/23 MP: 1/1
   509 | D:1      | Reached skill level 1 in Axes
  1233 | D:2      | Reached XP level 3. HP: 27/27 MP: 2/2
  1662 | D:2      | Reached skill level 1 in Armour
  1904 | D:3      | Noticed an angel
  1941 | D:3      | Reached XP level 4. HP: 36/36 MP: 3/3
  2032 | D:3      | You fall into a shaft and drop 1 floor!
  2058 | D:4      | Reached skill level 1 in Shields
  2058 | D:4      | Reached XP level 5. HP: 31/41 MP: 4/4
  2146 | D:4      | Reached skill level 4 in Fighting
  2306 | D:3      | Reached **** piety under Hepliaklqana
  2918 | D:3      | Found a snail-covered altar of Cheibriados.
  3649 | D:3      | Reached XP level 6. HP: 28/46 MP: 5/5
  4182 | D:4      | Found a blossoming altar of Fedhas.
  4387 | D:5      | Entered Level 5 of the Dungeon
  4454 | D:5      | Reached XP level 7. HP: 26/54 MP: 6/6
  4771 | D:5      | Found a broken altar of Ashenzari.
  4962 | D:5      | Slain by an ogre

Illustrated notes

Levels and vault maps discovered:
D:1:      shiori_arrival_oz, layout_basic,
          dreamdust_ecumenical_altar_hidden_monk_grotto, bh_walls_and_bars
D:2:      layout_rooms, minmay_misc_feat_encased
D:3:      layout_basic, slow_altar_2, zin_angel, mrwooster_statue_mirror,
          dk_noncrumbling_4, interstate_on_off, glass_columns_b
D:4:      layout_loops_ring, mainiacjoe_overflow_alcove_2
D:5:      layout_basic, mainiacjoe_overflow_tiny_flanked

Skill      XL: |  1  2  3  4  5  6 |
---------------+-------------------+-----
Axes           | 1 2 3 |  3.7
Dodging        | 3 |  3.8
Armour         | 1 2 |  2.5
Shields        | 1 2 |  2.2
Fighting       | 4 |  4.7
Stealth        | |  2.1
Unarmed Combat | |  3.2

Action                   |  1- 3 |  4- 6 |  7- 9 || total
-------------------------+-------+-------+-------++-------
Melee: Unarmed           |    63 |       |       ||    63
       Punch             |     2 |     1 |       ||     3
       Whip              |    28 |    84 |    23 ||   135
Invok: Ancestor Life: He |     1 |       |       ||     1
 Stab: Sleeping          |     4 |       |       ||     4
       Confused          |     1 |       |       ||     1
       Distracted        |       |     2 |       ||     2
Armor: Robe              |    12 |       |       ||    12
       Plate armour      |    20 |    40 |     7 ||    67
Dodge: Dodged            |    32 |    26 |     4 ||    62

Table legend: (Time is in decaauts)
 A = Elapsed time spent in this place.
 B = Non-inter-level travel time spent in this place.
 C = Inter-level travel time spent in this place.
 D = Time resting spent in this place.
 E = Time spent auto-exploring this place.
 F = Levels seen in this place.
 G = Mean time per level.
                   A        B        C        D        E       F      G
               +--------+--------+--------+--------+--------+-----+--------+
         Total |   4966 |   4846 |    120 |    418 |   3751 |   5 |  993.2 |
       Dungeon |   4966 |   4846 |    120 |    418 |   3751 |   5 |  993.2 |
               +--------+--------+--------+--------+--------+-----+--------+

Top non-repeatable levels by time:
     D:3: 1695 daAuts
     D:1: 1227 daAuts
     D:4: 1040 daAuts
     D:2: 570 daAuts
     D:5: 432 daAuts
